XFBL
SEATTLE MARINERS @ DETROIT TIGERS
08/16/1982
 
TOP OF THE 1ST
Seattle Mariners batting - Pitching for Detroit Tigers : LHP Charlie Leibrandt
Pitching: LHP Charlie Leibrandt
Batting: SHB Miguel Dilone 0-0: Ball
1-0: Ball
2-0: Ball
3-0: Base on Balls
Batting: LHB Mike Stenhouse 0-0: Ball
1-0: Called Strike
1-1: Ball
2-1: Foul Ball, location: 2F
2-2: Strikes out swinging
Batting: RHB Robin Yount 0-0: Ball
1-0: Foul Ball, location: 2F
1-1: SINGLE (Line Drive, 8LM, EV 101.3 MPH)
Miguel Dilone to second
Batting: LHB Don Mattingly 0-0: Fielders Choice at 2nd, 3-6 (Groundball, 34, EV 84.4 MPH)
Miguel Dilone to third
Batting: LHB Chris Wynn 0-0: Ball
1-0: Swinging Strike
1-1: Foul Ball, location: 2F
1-2: Fly out, F1 (Line Drive, P, EV 70.6 MPH)
Top of the 1st over - 0 runs, 1 hit, 0 errors, 2 left on base; Seattle 0 - Detroit 0
BOTTOM OF THE 1ST
Detroit Tigers batting - Pitching for Seattle Mariners : RHP Bob Moose
Pitching: RHP Bob Moose
Batting: RHB Tack Wilson 0-0: Ball
1-0: Foul Ball, location: 2F
1-1: Fly out, F4 (Popup, 34S, EV 43.8 MPH)
Batting: SHB Lee Mazzilli 0-0: Ball
1-0: Foul Ball, location: 2F
1-1: Foul Ball, location: 2F
1-2: Ball
2-2: Reached on error, E4 (Groundball, 4, EV 110.0 MPH)
Batting: SHB Tony Phillips 0-0: Called Strike
0-1: Ball
1-1: Called Strike
Lee Mazzilli steals 2nd base
1-2: Strikes out looking
Batting: RHB Dave Kingman 0-0: Ground out 4-3 (Groundball, 4, EV 88.8 MPH)
Bottom of the 1st over - 0 runs, 0 hits, 1 error, 1 left on base; Seattle 0 - Detroit 0
TOP OF THE 2ND
Seattle Mariners batting - Pitching for Detroit Tigers : LHP Charlie Leibrandt
Batting: RHB Ryne Sandberg 0-0: Called Strike
0-1: SINGLE (Groundball, 56S, EV 72.5 MPH) (infield hit)
Batting: RHB Ken Reitz 0-0: Ball
1-0: Called Strike
1-1: Fly out, F4 (Popup, 4, EV 81.9 MPH)
Batting: RHB Kurt Cunningham 0-0: Foul Ball, location: 2F
0-1: Ball
1-1: Ball
2-1: Fly out, F4 (Popup, 4, EV 43.1 MPH)
Batting: LHB Ivan Flores 0-0: SINGLE (Line Drive, 6D, EV 96.9 MPH)
Ryne Sandberg to second
Runner from 2nd tries for 3rd, SAFE, throw by LF made to third
Batting: SHB Miguel Dilone 0-0: Called Strike
0-1: Fielders Choice at 2nd, 6-4 (Groundball, 6, EV 90.0 MPH)
Top of the 2nd over - 0 runs, 2 hits, 0 errors, 2 left on base; Seattle 0 - Detroit 0
BOTTOM OF THE 2ND
Detroit Tigers batting - Pitching for Seattle Mariners : RHP Bob Moose
Batting: RHB Larry Parrish 0-0: Called Strike
0-1: Ball
1-1: Swinging Strike
1-2: Foul Ball, location: 2F
1-2: Ball
2-2: Ball
3-2: Foul Ball, location: 2F
3-2: Strikes out swinging
Batting: RHB Keith Moreland 0-0: Called Strike
0-1: Ball
1-1: Ball
2-1: Called Strike
2-2: Fly out, F8 (Flyball, 89D, EV 94.4 MPH)
Batting: RHB Andre Thornton 0-0: Ball
1-0: Ball
2-0: Called Strike
2-1: Fly out, F2 (Popup, 3SF, EV 78.8 MPH)
Bottom of the 2nd over - 0 runs, 0 hits, 0 errors, 0 left on base; Seattle 0 - Detroit 0
TOP OF THE 3RD
Seattle Mariners batting - Pitching for Detroit Tigers : LHP Charlie Leibrandt
Batting: LHB Mike Stenhouse 0-0: Called Strike
0-1: Foul Ball, location: 2F
0-2: Ball
1-2: SINGLE (Groundball, 4MD, EV 103.1 MPH)
Batting: RHB Robin Yount 0-0: Ball
1-0: Called Strike
1-1: SINGLE (Groundball, 56D, EV 100.0 MPH)
Mike Stenhouse to second
Batting: LHB Don Mattingly 0-0: Called Strike
0-1: Fly out, F8 (Line Drive, 8LD, EV 98.1 MPH)
Batting: LHB Chris Wynn 0-0: Swinging Strike
0-1: Called Strike
0-2: Strikes out looking
Batting: RHB Ryne Sandberg 0-0: Ground out 1-3 (Groundball, 13S, EV 71.9 MPH)
Top of the 3rd over - 0 runs, 2 hits, 0 errors, 2 left on base; Seattle 0 - Detroit 0
BOTTOM OF THE 3RD
Detroit Tigers batting - Pitching for Seattle Mariners : RHP Bob Moose
Batting: RHB Rusty Kuntz 0-0: Called Strike
0-1: Ball
1-1: Called Strike
1-2: Ball
2-2: Strikes out swinging
Batting: RHB Jose Hidalgo 0-0: Ground out 4-3 (Groundball, 34, EV 103.8 MPH)
Batting: RHB Tack Wilson 0-0: Called Strike
0-1: Ball
1-1: Foul Ball, location: 2F
1-2: Strikes out swinging
Bottom of the 3rd over - 0 runs, 0 hits, 0 errors, 0 left on base; Seattle 0 - Detroit 0
TOP OF THE 4TH
Seattle Mariners batting - Pitching for Detroit Tigers : LHP Charlie Leibrandt
Batting: RHB Ken Reitz 0-0: Ball
1-0: Ground out 6-3 (Groundball, 6, EV 88.8 MPH)
Batting: RHB Kurt Cunningham 0-0: Called Strike
0-1: Ball
1-1: Ball
2-1: Called Strike
2-2: Foul Ball, location: 2F
2-2: Strikes out swinging
Batting: LHB Ivan Flores 0-0: Called Strike
0-1: Ball
1-1: Swinging Strike
1-2: Ground out 6-3 (Groundball, 6, EV 83.8 MPH)
Top of the 4th over - 0 runs, 0 hits, 0 errors, 0 left on base; Seattle 0 - Detroit 0
BOTTOM OF THE 4TH
Detroit Tigers batting - Pitching for Seattle Mariners : RHP Bob Moose
Batting: SHB Lee Mazzilli 0-0: Ground out 3-1 (Groundball, 34, EV 106.3 MPH)
Batting: SHB Tony Phillips 0-0: Ball
1-0: Foul Ball, location: 2F
1-1: Ball
2-1: Ground out 1-3 (Groundball, 15S, EV 74.4 MPH)
Batting: RHB Dave Kingman 0-0: Ball
1-0: Ball
2-0: Fly out, F8 (Flyball, 8LXD, EV 94.4 MPH)
Bottom of the 4th over - 0 runs, 0 hits, 0 errors, 0 left on base; Seattle 0 - Detroit 0
TOP OF THE 5TH
Seattle Mariners batting - Pitching for Detroit Tigers : LHP Charlie Leibrandt
Batting: SHB Miguel Dilone 0-0: SINGLE (Groundball, 6MD, EV 97.5 MPH)
Batting: LHB Mike Stenhouse 0-0: Ball
Miguel Dilone is caught stealing 2nd base 2-6
1-0: Fly out, F7 (Flyball, 7D, EV 103.8 MPH)
Batting: RHB Robin Yount 0-0: Called Strike
0-1: SINGLE (Line Drive, 7LS, EV 105.0 MPH)
Batting: LHB Don Mattingly 0-0: Called Strike
0-1: Fly out, F7 (Flyball, 7, EV 90.0 MPH)
Top of the 5th over - 0 runs, 2 hits, 0 errors, 1 left on base; Seattle 0 - Detroit 0
BOTTOM OF THE 5TH
Detroit Tigers batting - Pitching for Seattle Mariners : RHP Bob Moose
Batting: RHB Larry Parrish 0-0: Called Strike
0-1: Ground out 6-3 (Groundball, 6, EV 82.5 MPH)
Batting: RHB Keith Moreland 0-0: SOLO HOME RUN (Flyball, 9D, EV 102.5 MPH), Distance : 403 ft
Batting: RHB Andre Thornton 0-0: Ball
1-0: Swinging Strike
1-1: Swinging Strike
1-2: Ball
2-2: Ball
3-2: Strikes out swinging
Batting: RHB Rusty Kuntz 0-0: Foul Ball, location: 2F
0-1: SOLO HOME RUN (Flyball, 7LD, EV 93.8 MPH), Distance : 362 ft
Batting: RHB Jose Hidalgo 0-0: Foul Ball, location: 2F
0-1: Foul Ball, location: 2F
0-2: Fly out, F8 (Line Drive, 8LD, EV 98.1 MPH)
Bottom of the 5th over - 2 runs, 2 hits, 0 errors, 0 left on base; Seattle 0 - Detroit 2
TOP OF THE 6TH
Seattle Mariners batting - Pitching for Detroit Tigers : LHP Charlie Leibrandt
Batting: LHB Chris Wynn 0-0: Called Strike
0-1: Foul Ball, location: 2F
0-2: Ball
1-2: Ball
2-2: Fly out, F9 (Line Drive, 9, EV 106.3 MPH)
Batting: RHB Ryne Sandberg 0-0: Called Strike
0-1: Ball
1-1: Foul Ball, location: 2F
1-2: Foul Ball, location: 2F
1-2: TRIPLE (Line Drive, 89XD, EV 104.4 MPH)
Batting: RHB Ken Reitz 0-0: Foul Ball, location: 2F
0-1: Ball
1-1: DOUBLE (Line Drive, 3D, EV 98.1 MPH)
Ryne Sandberg scores
Batting: RHB Kurt Cunningham 0-0: Ball
1-0: Ball
2-0: Ball
3-0: Called Strike
3-1: Base on Balls
Batting: LHB Ivan Flores 0-0: Ball
1-0: Foul Ball, location: 2F
1-1: Ball
2-1: Fly out, F9 (Flyball, 9LM, EV 99.4 MPH)
Batting: SHB Miguel Dilone 0-0: Ball
1-0: Ball
2-0: DOUBLE (Line Drive, 8RD, EV 92.5 MPH)
Ken Reitz scores
Kurt Cunningham to third
Runner from 3rd tries for Home, SAFE, no throw by CF
Batting: LHB Mike Stenhouse 0-0: Called Strike
0-1: Foul Ball, location: 2F
0-2: Ball
1-2: Foul Ball, location: 2F
1-2: Strikes out looking
Top of the 6th over - 3 runs, 3 hits, 0 errors, 1 left on base; Seattle 3 - Detroit 2
BOTTOM OF THE 6TH
Detroit Tigers batting - Pitching for Seattle Mariners : RHP Bob Moose
Batting: RHB Tack Wilson 0-0: Ball
1-0: Ground out 5-3 (Groundball, 56S, EV 70.0 MPH)
Batting: SHB Lee Mazzilli 0-0: Swinging Strike
0-1: Called Strike
0-2: Foul Ball, location: 2F
0-2: Foul Ball, location: 2F
0-2: Ball
1-2: Strikes out swinging
Batting: SHB Tony Phillips 0-0: Called Strike
0-1: Called Strike
0-2: Ground out 6-3 (Groundball, 6S, EV 65.6 MPH)
Bottom of the 6th over - 0 runs, 0 hits, 0 errors, 0 left on base; Seattle 3 - Detroit 2
TOP OF THE 7TH
Seattle Mariners batting - Pitching for Detroit Tigers : LHP Charlie Leibrandt
Batting: RHB Robin Yount 0-0: Ball
1-0: Called Strike
1-1: Ball
2-1: Foul Ball, location: 2F
2-2: Fly out, F6 (Popup, 6S, EV 69.4 MPH)
Batting: LHB Don Mattingly 0-0: Ball
1-0: Ball
2-0: Called Strike
2-1: Called Strike
2-2: Ground out 6-3 (Groundball, 6D, EV 100.0 MPH)
Batting: LHB Chris Wynn 0-0: Ball
1-0: Ball
2-0: SOLO HOME RUN (Flyball, 9D, EV 98.8 MPH), Distance : 400 ft
Batting: RHB Ryne Sandberg 0-0: Called Strike
0-1: Ball
1-1: Fly out, F9 (Flyball, 9LM, EV 90.6 MPH)
Top of the 7th over - 1 run, 1 hit, 0 errors, 0 left on base; Seattle 4 - Detroit 2
BOTTOM OF THE 7TH
Detroit Tigers batting - Pitching for Seattle Mariners : RHP Bob Moose
Batting: RHB Dave Kingman 0-0: Ground out 6-3 (Groundball, 56, EV 86.9 MPH)
Batting: RHB Larry Parrish 0-0: Foul Ball, location: 2F
0-1: Ball
1-1: SINGLE (Groundball, 6MD, EV 105.6 MPH)
Batting: RHB Keith Moreland 0-0: Ball
1-0: Ball
Larry Parrish steals 2nd base (no throw)
2-0: Called Strike
2-1: Fly out, F7 (Flyball, 78D, EV 103.8 MPH)
Runner from 2nd tags up, SAFE at 3rd with throw by LF
Batting: RHB Andre Thornton 0-0: Called Strike
0-1: Foul Ball, location: 2F
0-2: Ball
1-2: Foul Ball, location: 2F
1-2: Foul Ball, location: 2F
1-2: Ball
2-2: Ball
3-2: Foul Ball, location: 2F
3-2: Ground out 5-3 (Groundball, 5S, EV 66.3 MPH)
Bottom of the 7th over - 0 runs, 1 hit, 0 errors, 1 left on base; Seattle 4 - Detroit 2
TOP OF THE 8TH
Seattle Mariners batting - Pitching for Detroit Tigers : LHP Charlie Leibrandt
Batting: RHB Ken Reitz 0-0: SINGLE (Groundball, 4MD, EV 97.5 MPH)
Batting: RHB Kurt Cunningham 0-0: Ball
1-0: Sac Bunt to 25 - play at first, batter OUT! 5-4
Ken Reitz to second
Batting: LHB Ivan Flores 0-0: Swinging Strike
0-1: Swinging Strike
0-2: Strikes out swinging
Batting: SHB Miguel Dilone 0-0: Foul Ball, location: 2F
0-1: Foul Ball, location: 2F
0-2: Foul Ball, location: 2F
0-2: Ball
1-2: Ball
2-2: Ball
3-2: Foul Ball, location: 2F
3-2: Fly out, F9 (Flyball, 9, EV 76.9 MPH)
Top of the 8th over - 0 runs, 1 hit, 0 errors, 1 left on base; Seattle 4 - Detroit 2
BOTTOM OF THE 8TH
Detroit Tigers batting - Pitching for Seattle Mariners : RHP Bob Moose
Now in CF: Ramon Estepa
Batting: RHB Rusty Kuntz 0-0: Fly out, F8 (Flyball, 8RM, EV 88.8 MPH)
Batting: RHB Jose Hidalgo 0-0: Swinging Strike
0-1: Called Strike
0-2: Foul Ball, location: 2F
0-2: Ball
1-2: Reached on error, E4 (Flyball, 34D, EV 78.8 MPH)
Batting: RHB Tack Wilson 0-0: Called Strike
0-1: Ball
1-1: Ball
2-1: Fielders Choice at 2nd, 6-4 (Groundball, 6, EV 85.6 MPH)
Batting: SHB Lee Mazzilli 0-0: Foul Ball, location: 2F
0-1: Ball
1-1: Swinging Strike
1-2: Foul Ball, location: 2F
1-2: Ground out 1-3 (Groundball, 34S, EV 71.9 MPH)
Bottom of the 8th over - 0 runs, 0 hits, 1 error, 1 left on base; Seattle 4 - Detroit 2
TOP OF THE 9TH
Seattle Mariners batting - Pitching for Detroit Tigers : LHP Charlie Leibrandt
Batting: LHB Mike Stenhouse 0-0: Foul Ball, location: 2F
0-1: Ball
1-1: Called Strike
1-2: SINGLE (Line Drive, 7LS, EV 90.6 MPH)
Batting: RHB Robin Yount 0-0: Ball
1-0: Called Strike
1-1: Fly out, F4 (Popup, 34, EV 57.5 MPH)
Batting: LHB Don Mattingly 0-0: Ball
1-0: Called Strike
1-1: Foul Ball, location: 2F
1-2: Foul Ball, location: 2F
1-2: Ball
2-2: Ball
3-2: Foul Ball, location: 2F
3-2: SINGLE (Line Drive, 7S, EV 98.1 MPH)
Mike Stenhouse to second
Batting: LHB Chris Wynn 0-0: Ball
1-0: Ball
2-0: SINGLE (Groundball, 4MD, EV 93.8 MPH)
Mike Stenhouse to third
Don Mattingly to second
Runner from 3rd tries for Home, SAFE, throw by CF to home
Batting: RHB Ryne Sandberg 0-0: Ball
1-0: Ball
2-0: Ball
3-0: Called Strike
3-1: Fly out, F7 (Flyball, 7D, EV 76.9 MPH)
Batting: RHB Ken Reitz 0-0: Foul Ball, location: 2F
0-1: Ball
1-1: Swinging Strike
1-2: Foul Ball, location: 2F
1-2: Ball
2-2: Foul Ball, location: 2F
2-2: Fielders Choice at 2nd, 6-4 (Groundball, 6, EV 105.0 MPH)
Top of the 9th over - 1 run, 3 hits, 0 errors, 2 left on base; Seattle 5 - Detroit 2
BOTTOM OF THE 9TH
Detroit Tigers batting - Pitching for Seattle Mariners : RHP Bob Moose
Batting: SHB Tony Phillips 0-0: Called Strike
0-1: Swinging Strike
0-2: Strikes out swinging
Batting: RHB Dave Kingman 0-0: Swinging Strike
0-1: Ball
1-1: Foul Ball, location: 2F
1-2: Ball
2-2: Foul Ball, location: 2F
2-2: Foul Ball, location: 2F
2-2: Strikes out looking
Batting: RHB Larry Parrish 0-0: Called Strike
0-1: Ball
1-1: Ball
2-1: Called Strike
2-2: Foul Ball, location: 2F
2-2: SOLO HOME RUN (Flyball, 78XD, EV 98.8 MPH), Distance : 404 ft
Batting: RHB Keith Moreland 0-0: Ball
1-0: Ball
2-0: Called Strike
2-1: Fly out, F4 (Popup, 34S, EV 85.0 MPH)
Bottom of the 9th over - 1 run, 1 hit, 0 errors, 0 left on base; Seattle 5 - Detroit 3
Monday, August 24th, 2020 - OOTP Baseball 21.5 Build 76